 Dungeon Crawl Stone Soup version 0.26-a0-1213-gd52f5182fe (webtiles) character file.

Game seed: 12958291789624986742

1844 Dirian the Carver (level 8, -2/71 HPs)
             Began as a Minotaur Fighter on Dec 30, 2020.
             Was an Elder of Zin.
             Shot with a bolt by an orc warrior (12 damage)
             ... in a bailey.
             The game lasted 00:09:46 (6057 turns).

Dirian the Carver (Minotaur Fighter)                Turns: 6057, Time: 00:09:46

Health: -2/71      AC: 13    Str: 22    XL:     8   Next: 88%
Magic:  10/10      EV:  8    Int:  5    God:    Zin [****..]
Gold:   324        SH: 11    Dex: 11    Spells: 7/7 levels left

rFire    . . .     SeeInvis .   a - +1 long sword
rCold    + . .     Faith    .   c - +1 kite shield
rNeg     . . .     Spirit   .   o - +3 scale mail
rPois    .         Reflect  .   (helmet restricted)
rElec    .         Harm     .   n - +0 cloak
rCorr    .         Rampage  .   (no gloves)
Will     .....                  g - +0 pair of boots
Stlth    ..........             (no amulet)
HPRegen  0.21/turn              h - ring of protection from cold
MPRegen  0.12/turn              (no ring)

@: no status effects
A: retaliatory headbutt, horns 2
a: Renounce Religion, Recite, Vitalisation, Imprison, Donate Gold


You were in a bailey.
You worshipped Zin.
Zin was greatly pleased with you.
You visited 1 branch of the dungeon, and saw 7 of its levels.
You also visited: Bailey.

You collected 359 gold pieces.
You donated 35 gold pieces to Zin.

Inventory:

Hand Weapons
 a - a +1 long sword (weapon)
Armour
 c - a +1 kite shield (worn)
 g - a +0 pair of boots (worn)
 n - a +0 cloak (worn)
 o - a +3 scale mail (worn)
Jewellery
 h - a ring of protection from cold (left hand)
Wands
 e - a wand of disintegration (19)
Scrolls
 b - a scroll of blinking {unknown}
 f - a scroll of immolation
 l - 2 scrolls of enchant armour
 m - a scroll of enchant weapon
 t - 4 scrolls of teleportation
 x - 8 scrolls of remove curse
Potions
 d - a potion of might
 i - a potion of attraction {unknown}
 j - 3 potions of brilliance {unknown}
 k - a potion of mutation {unknown}
 q - 4 potions of curing
 w - 2 potions of heal wounds


   Skills:
 + Level 6.3 Fighting
 + Level 8.3 Long Blades
 + Level 6.8 Armour
 + Level 6.9 Shields
 * Level 4.4 Invocations


You had 7 spell levels left.
You didn't know any spells.
Your spell library contained the following spells:

 Spells                   Type           Power        Failure   Level
 Animate Skeleton         Necr           0%           98%         1
 Apportation              Tloc           0%           98%         1
 Corona                   Hex            0%           98%         1
 Summon Small Mammal      Summ           0%           98%         1
 Ensorcelled Hibernation  Hex/Ice        0%           99%         2
 Confusing Touch          Hex            0%           100%        3
 Dazzling Flash           Conj/Hex       0%           100%        3
 Tukima's Dance           Hex            0%           100%        3


Dungeon Overview and Level Annotations

Branches:
Dungeon (7/15)             Temple (0/1) D:5          Bailey (1/1)

Altars:
Ashenzari
Cheibriados
Dithmenos
Nemelex Xobeh
Okawaru
Qazlal
Sif Muna
Trog
Vehumet
Zin
The Shining One


Innate Abilities, Weirdness & Mutations

You reflexively headbutt those who attack you in melee.
You have a pair of horns on your head.


Message History

You start resting.
An orc is nearby!
An orc is nearby!
The orc shouts!
The orc shoots a bolt.
You block the bolt.
You hear a shout!
You see here a bolt.
The orc warrior shouts!
The orc warrior shoots a bolt.
The bolt hits you!
You see here a bolt.
The orc shouts!
The orc shoots a bolt.
You block the bolt.
The orc shoots a bolt.
The bolt closely misses you.
The orc warrior shoots a bolt.
The bolt hits you!
* * * LOW HITPOINT WARNING * * *
You see here a bolt.
The orc shoots a bolt.
The bolt barely misses you.
You hear a shout!
The orc shouts!
The orc warrior shoots a bolt.
The bolt hits you!
You die...

##############
............∩#
...........((#
..........(.(#
.........(...#
.............#
...o.o.@....(#
.≈≈≈≈≈......(#
≈≈#.#≈≈......#
#.##≈......#
.. oo≈.....(#
#∩o##≈......#
.#o#≈≈.....(#
≈≈≈≈≈o......#
.........(..#


You could see an orc warrior and 3 orcs.

Vanquished Creatures
  Grinder (D:3)
  A water moccasin (D:6)
  An ice beast (D:6)
  3 ogres
  2 centaurs
  2 scorpions
  A water moccasin skeleton (D:4)
  2 bullfrog zombies
  3 orc priests
  A hound (D:4)
  8 orc wizards
  Ijyb (D:5)
  2 centaur skeletons
  2 iguanas
  3 worker ants
  2 hound skeletons
  A worker ant zombie (D:7)
  8 gnolls
  4 adders
  4 river rats (D:6)
  A white imp (D:6)
  An ufetubus (D:6)
  An ooze (D:4)
  An adder skeleton (D:5)
  6 dart slugs
  14 orcs
  7 bats
  4 giant cockroaches
  6 hobgoblins (D:1)
  7 jackals
  9 kobolds
  A frilled lizard (D:1)
  13 goblins
  A leopard gecko skeleton (D:6)
  8 rats
132 creatures vanquished.

Vanquished Creatures (others)
  28 plants (D:6)
28 creatures vanquished.

Grand Total: 160 creatures vanquished

Notes
Turn   | Place    | Note
-------+----------+-------------------------------------------
     0 | D:1      | Dirian the Minotaur Fighter began the quest for the Orb.
     0 | D:1      | Reached XP level 1. HP: 19/19 MP: 0/0
    95 | D:1      | Reached XP level 2. HP: 24/27 MP: 1/1
   527 | D:1      | Reached XP level 3. HP: 32/33 MP: 2/2
   539 | D:1      | Reached skill level 3 in Long Blades
  1066 | D:2      | Found a snail-covered altar of Cheibriados.
  1094 | D:2      | Reached XP level 4. HP: 40/40 MP: 3/3
  1492 | D:2      | Found a glowing silver altar of Zin.
  1679 | D:2      | Became a worshipper of Zin the Law-Giver
  1679 | D:2      | Reached * piety under Zin
  1803 | D:3      | Noticed Grinder
  1803 | D:3      | Paralysed by Grinder for 5 turns
  1827 | D:3      | HP: 2/40 [Grinder (3)]
  1838 | D:3      | Paralysed by Grinder for 2 turns
  1842 | D:3      | Zin protects you from harm!
  1850 | D:3      | Killed Grinder
  1851 | D:3      | Reached skill level 4 in Long Blades
  1851 | D:3      | Reached skill level 1 in Invocations
  1851 | D:3      | Reached XP level 5. HP: 6/47 MP: 3/5
  1851 | D:3      | Reached XP level 6. HP: 7/53 MP: 3/6
  2203 | D:3      | Found a broken altar of Ashenzari.
  2203 | D:3      | Found a faded altar of an unknown god.
  2209 | D:3      | Reached skill level 5 in Long Blades
  2228 | D:3      | Found a sparkling altar of Nemelex Xobeh.
  2230 | D:3      | Found an iron altar of Okawaru.
  2232 | D:3      | Found a radiant altar of Vehumet.
  2529 | D:3      | Found a shadowy altar of Dithmenos.
  2535 | D:3      | Reached ** piety under Zin
  2653 | D:4      | Reached skill level 5 in Shields
  2714 | D:4      | Reached skill level 5 in Armour
  2974 | D:4      | Reached skill level 5 in Fighting
  2974 | D:4      | Reached XP level 7. HP: 55/61 MP: 7/7
  3076 | D:4      | Reached skill level 6 in Long Blades
  3422 | D:4      | Reached *** piety under Zin
  3613 | D:5      | Entered Level 5 of the Dungeon
  3842 | D:5      | Found a glowing golden altar of the Shining One.
  3873 | D:5      | Found a shimmering blue altar of Sif Muna.
  4084 | D:5      | Noticed Ijyb
  4088 | D:5      | Found a staircase to the Ecumenical Temple.
  4097 | D:5      | Killed Ijyb
  4564 | D:6      | Found a stormy altar of Qazlal.
  4637 | D:6      | Found a bloodstained altar of Trog.
  4668 | D:6      | Reached skill level 7 in Long Blades
  4668 | D:6      | Reached XP level 8. HP: 67/69 MP: 9/9
  4917 | D:6      | Found an iron altar of Okawaru.
  5012 | D:6      | Reached **** piety under Zin
  5617 | D:7      | Reached skill level 8 in Long Blades
  5635 | D:7      | HP: 2/70 [ogre/+0 giant club (14)]
  5672 | D:7      | Found a flagged portal.
  5698 | Bailey   | Entered a bailey
  6057 | Bailey   | Shot with a bolt by an orc warrior

Illustrated notes

Levels and vault maps discovered:
D:1:      psy_arrival_conway, layout_basic, chequers_serial_rivers_micro_b,
          kennysheep_decorative_pillar
D:2:      wander_river, layout_basic, cheibriados_altar_1, zin_scriptorium
D:3:      layout_rooms, grunt_dithmenos_smoke,
          chequers_temple_overflow_minitemple, bh_walls_and_bars, uniq_grinder
D:4:      layout_basic
D:5:      layout_rooms, lemuel_crystal_altar, kennysheep_mini, temple_hall,
          uniq_ijyb
D:6:      wad_woods_stonehenge, layout_loops_cross, lemuel_round_altar,
          lightli_temple_of_fire
D:7:      lemuel_insect_pit, layout_basic, general_overflow_altar,
          enter_bailey_7
Bailey:   bailey_polearm_2, bailey

Skill      XL: |  1  2  3  4  5  6  7  8 |
---------------+-------------------------+-----
Fighting       | 4 5 6 |  6.3
Shields        | 4 5 6 |  6.9
Armour         | 4 5 6 |  6.8
Long Blades    | 3 4 5 7 8 |  8.3
Invocations    | 1 2 3 4 |  4.4

Action                   |  1- 3 |  4- 6 |  7- 9 || total
-------------------------+-------+-------+-------++-------
Melee: Long sword        |    98 |    86 |   206 ||   390
       Headbutt          |    12 |    21 |    53 ||    86
Invok: Recite            |       |       |     3 ||     3
       Vitalisation      |       |       |     2 ||     2
  Use: Scroll            |       |     9 |     4 ||    13
       Potion            |       |       |     2 ||     2
 Stab: Invisible         |       |       |     1 ||     1
Armor: Scale mail        |    50 |    30 |    59 ||   139
Dodge: Dodged            |    36 |    26 |    56 ||   118
Block: Kite shield       |    43 |    28 |   147 ||   218
       Rpst.: Long sword |     6 |    11 |    13 ||    30

Table legend: (Time is in decaauts)
 A = Elapsed time spent in this place.
 B = Non-inter-level travel time spent in this place.
 C = Inter-level travel time spent in this place.
 D = Time resting spent in this place.
 E = Time spent auto-exploring this place.
 F = Levels seen in this place.
 G = Mean time per level.
                   A        B        C        D        E       F      G
               +--------+--------+--------+--------+--------+-----+--------+
         Total |   6147 |   5819 |    328 |    236 |   4584 |   8 |  768.4 |
       Dungeon |   5788 |   5460 |    328 |    140 |   4362 |   7 |  826.9 |
        Bailey |    358 |    358 |      0 |     96 |    222 |   1 |  358.0 |
               +--------+--------+--------+--------+--------+-----+--------+

Top non-repeatable levels by time:
     D:6: 1349 daAuts
     D:4: 1006 daAuts
     D:3: 919 daAuts
     D:1: 914 daAuts
     D:2: 843 daAuts
     D:5: 596 daAuts
  Bailey: 358 daAuts
     D:7: 157 daAuts
